 Dungeon Crawl Stone Soup version 0.27.1-33-g824d729ab1 (webtiles) character file.

Game seed: 13811481384215858652

5 lonewolfV2 the Sneak (level 1, -1/9 HPs)
             Began as a Spriggan Enchanter on Dec 8, 2021.
             Slain by a quokka (3 damage)
             ... on level 1 of the Dungeon.
             The game lasted 00:00:51 (482 turns).

lonewolfV2 the Sneak (Spriggan Enchanter)            Turns: 482, Time: 00:01:03

Health: -1/9       AC:  2    Str:  4    XL:     1   Next: 66%
Magic:  5/5        EV: 17    Int: 16    God:
Gold:   0          SH:  0    Dex: 15    Spells: 5/6 levels left

rFire    . . .     SeeInvis +   a - +1 dagger
rCold    . . .     Faith    .   (shield restricted)
rNeg     . . .     Spirit   .   b - +0 robe
rPois    .         Reflect  .   (helmet restricted)
rElec    .         Harm     .   (no cloak)
rCorr    .         Rampage  .   (gloves unavailable)
Will     .....                  (boots unavailable)
Stlth    +++.......             (no amulet)
HPRegen  0.03/turn              (no ring)
MPRegen  0.09/turn              (no ring)

@: very quick
A: very small, no large weapons, unfitting armour, see invisible, speed 3
a: no special abilities


You were on level 1 of the Dungeon.
You visited 1 branch of the dungeon, and saw 1 of its levels.

Inventory:

Hand Weapons
 a - a +1 dagger (weapon)
Armour
 b - a +0 robe (worn)


   Skills:
 + Level 1.1 Short Blades
 + Level 2.6 Dodging
 + Level 4.6 Stealth
 + Level 3.0 Spellcasting
 + Level 3.7 Hexes


You had 5 spell levels left.
You knew the following spells:

 Your Spells              Type           Power      Damage    Failure   Level
a - Corona                Hex            15%        N/A       4%          1

Your spell library contained the following spells:

 Spells                   Type           Power      Damage    Failure   Level
 Confusing Touch          Hex            14%        N/A       12%         3
 Tukima's Dance           Hex            14%        N/A       12%         3
 Ensorcelled Hibernation  Hex/Ice        16%        N/A       13%         2
 Dazzling Flash           Conj/Hex       16%        N/A       26%         3


Dungeon Overview and Level Annotations

Branches:
Dungeon (1/15)

Altars:

Shops:
D:1 ?


Innate Abilities, Weirdness & Mutations

You are very small and have problems with some larger weapons.
You are too small for most types of armour.
You have supernaturally acute eyesight. (SInv)
You cover ground extremely quickly. (Speed+++)


Message History

You closely miss the goblin.
The goblin is heavily wounded.
The jackal closely misses you. The goblin misses you.
You hit the goblin.
You kill the goblin!
The jackal bites you but does no damage. x2
Your Spellcasting skill increases to level 3!
The jackal completely misses you.
You see here a +0 dagger.
You hit the jackal.
The jackal is heavily wounded.
The jackal closely misses you. The jackal barely misses you.
You hit the jackal but do no damage.
The jackal is heavily wounded.
The jackal misses you.
You hit the jackal.
You kill the jackal!
You start resting.
HP restored.
You start waiting.
Done waiting.
You start waiting.
Done waiting.
Found Eblutil's Magic Scroll Shop.
There is an entrance to Eblutil's Magic Scroll Shop here.
Key pressed, stopping explore.
You open the door.
There is an open door here.
An endoplasm comes into view.
An endoplasm is nearby!
A quokka comes into view.
The quokka barely misses you.
The endoplasm quivers.
You barely miss the quokka. The quokka bites you.
Ouch! That really hurt!
The endoplasm freezes you.
You are frozen.
* * * LOW HITPOINT WARNING * * *
The quokka bites you.
You die...

.##.. .# .#### .#.....#
##..... ##....
############# #..#
#............ ..#
#............ .##
#....J....... .#
#....@....... .#
#....r.......
.###########....########
>...............#
############....######
##########.+..........
..∩.....##.#.....#####
#######.##.###'#.#
#.##.# #.#...


You could see an endoplasm and a quokka.

Vanquished Creatures
  A goblin (D:1)
  3 jackals (D:1)
4 creatures vanquished.

Notes
Turn   | Place    | Note
-------+----------+-------------------------------------------
     0 | D:1      | lonewolfV2 the Spriggan Enchanter began the quest for the
                  | Orb.
     0 | D:1      | Reached XP level 1. HP: 9/9 MP: 5/5
     9 | D:1      | Found a faded altar of an unknown god.
   447 | D:1      | Found Eblutil's Magic Scroll Shop.
   482 | D:1      | Slain by a quokka

Illustrated notes

Levels and vault maps discovered:
D:1:      evilmike_arrival_plus, layout_basic, basic_ecumenical_altar,
          serial_shops, shop, minmay_tall_x

Skill      XL: |  1 |
---------------+----+-----
Spellcasting   | 3 |  3.0
Short Blades   | |  1.1
Dodging        | |  2.6
Stealth        | |  4.6
Hexes          | |  3.7

Action                   || total
-------------------------++-------
Melee: Dagger            ||    20
Armor: Robe              ||     4
Dodge: Dodged            ||    32
